Map: Orbital Shipyard

Players

MorN - Winner!

  • Race: Terran Terran
  • League: Master

rage

  • Race: Zerg Zerg
  • League: Diamond

VOD

Have the link to the VOD?

Description

Time

  • Played on: Dec. 7, 2015, 1:41 a.m.
  • Length: 13:40
Show
View Real Time Build Order
Export as new Build Order

MorN Terran - Winner!

Build Orders: Reaper Expand, MMM Bio 

Get SALT Encoding   

  12  0:03  SCV  
  13  0:15  SCV  
  13  0:20  Supply Depot  
  14  0:27  SCV  
  15  0:41  SCV  
  16  0:44  Barracks  
  16  0:46  Refinery  
  16  0:53  SCV  
  17  1:05  SCV  
  18  1:20  SCV  
  19  1:34  Reaper, Orbital Command  
  20  1:43  Command Center  
  20  1:54  Supply Depot  
  20  2:00  SCV  
  21  2:07  Barracks  
  21  2:09  Barracks Reactor  
  21  2:15  SCV  
  22  2:25  Barracks  
  22  2:27  SCV  
  23  2:39  SCV  
  24  2:47  Marine x2  
  26  2:51  SCV  
  26  2:56  Barracks Tech Lab  
  26  2:57  Orbital Command  
  27  3:03  SCV  
  27  3:04  Marine  
  27  3:05  Marine  
  30  3:08  Factory  
  29  3:14  Marine x2  
  29  3:15  SCV  
  29  3:18  Refinery  
  32  3:24  Stimpack  
  32  3:28  SCV, Marine x2  
  32  3:31  SCV  
  36  3:36  Marine x2  
  36  3:40  SCV  
  36  3:41  Supply Depot  
  39  3:43  SCV  
  39  3:47  Marine  
  41  3:52  SCV  
  42  3:56  SCV  
  42  3:57  Starport  
  42  3:58  Factory Reactor  
  43  4:03  Supply Depot  
  43  4:04  SCV  
  43  4:05  Marine  
  43  4:07  Marine  
  43  4:08  SCV, Marine  
  48  4:14  Marine  
  48  4:16  SCV  
  50  4:17  Supply Depot  
  50  4:20  SCV  
  50  4:23  Marine  
  52  4:25  Marine  
  52  4:26  Marine  
  52  4:28  SCV  
  55  4:32  SCV  
  55  4:34  Marauder  
  58  4:40  SCV  
  58  4:43  Supply Depot  
  58  4:44  SCV, Medivac x2  
  64  4:52  SCV, Marine  
  65  4:53  Marine  
  65  4:57  Factory Reactor  
  67  5:00  Marine  
  67  5:01  Marine  
  67  5:05  SCV  
  70  5:08  Supply Depot, Refinery  
  70  5:10  Marine x2  
  72  5:14  Supply Depot  
  72  5:18  Command Center, Marine  
  73  5:25  Combat Shields, Marine  
  73  5:27  SCV  
  75  5:28  Marine  
  75  5:29  Refinery  
  76  5:36  SCV  
  76  5:39  SCV, Supply Depot  
  76  5:40  Engineering Bay  
  76  5:42  Engineering Bay  
  78  5:48  Barracks Tech Lab  
  78  5:49  Barracks Reactor, Widow Mine, Marauder  
  80  5:50  Widow Mine  
  80  5:52  SCV, Medivac  
  87  6:08  Marine x2  
  87  6:10  Marine  
  90  6:25  Terran Infantry Weapons Level 1, Missile Turret  
  83  6:26  Terran Infantry Armor Level 1, Marine x2  
  83  6:27  SCV x2, Marine  
  87  6:34  Medivac x2  
  87  6:37  Orbital Command  
  87  6:39  SCV, Widow Mine  
  92  6:40  Widow Mine  
  92  6:41  Marine x2  
  92  6:43  Barracks, Marine  
  92  6:44  SCV, Barracks  
  100  6:47  Supply Depot  
  100  6:57  Marine  
  101  7:04  Medivac x2  
  105  7:12  Marine x2  
  107  7:20  Marine x3  
  110  7:29  Marine  
  108  7:30  Marine  
  108  7:34  Medivac  
  108  7:35  Armory, Barracks Reactor  
  108  7:36  Barracks Reactor  
  112  7:38  Marine x3  
  115  7:47  Marine x2  
  117  7:56  Marine  
  117  7:57  Orbital Command, Marauder  
  109  8:01  Marine  
  109  8:05  Marine x2  
  110  8:09  SCV x2  
  110  8:12  Medivac x2  
  118  8:14  Marine  
  118  8:17  Marine  
  118  8:20  Marine  
  118  8:21  SCV  
  118  8:22  SCV  
  118  8:26  SCV  
  118  8:27  Terran Infantry Weapons Level 2, Terran Infantry Armor Level 2  
  122  8:29  Marine x2  
  122  8:33  SCV  
  125  8:35  Supply Depot  
  125  8:36  Supply Depot  
  125  8:38  Supply Depot  
  125  8:39  Missile Turret  
  125  8:51  Marine  
  125  8:52  SCV  
  125  8:53  SCV, Marine  
  125  8:56  Marine x6  
  125  8:57  Marauder, Widow Mine x2  
  125  9:00  Medivac x2  
  136  9:09  Marine  
  129  9:11  Marine  
  129  9:14  Marine x5  
  129  9:15  Liberator x2  
  129  9:16  SCV x2  
  129  9:17  Supply Depot  
  129  9:18  Marauder  
  129  9:19  Refinery  
  129  9:20  Refinery, Terran Vehicle Weapons Level 1  
  129  9:23  Barracks x3  
  131  9:27  Marine, Widow Mine x2  
  131  9:28  Marine  
  131  9:29  Marine  
  138  9:31  Supply Depot  
  138  9:32  SCV x2  
  127  10:01  Liberator x2, Marine x5  
  127  10:02  Marine x4  
  136  10:10  SCV  
  136  10:12  Barracks Reactor, Barracks Tech Lab x2, Supply Depot  
  137  10:17  Command Center  
  137  10:19  Marine x5  
  137  10:20  Marauder  
  150  10:31  Marine x2  
  151  10:38  Marine x2  
  151  10:39  Marine x2, Marauder  
  151  10:40  Marauder  
  151  10:41  Concussive Shells  
  151  10:42  Marauder  
  161  10:44  Terran Infantry Weapons Level 3  
  161  10:51  Marine x2  
  163  11:00  Marine x2, Marauder  
  163  11:01  Marauder, Marine x5  
  173  11:04  Supply Depot  
  173  11:10  Marine, Marauder  
  163  11:21  Marauder  
  163  11:23  Marauder  
  160  11:26  Marine x5  
  160  11:27  Medivac x2, Marine  
  160  11:31  Marauder  
  166  11:36  Marine x3  
  166  11:37  Marine  
  168  11:43  Marauder  
  168  11:44  Marauder  
  159  11:52  Marine x2  
  159  11:53  Marauder, Widow Mine x2, Marine x2  
  150  11:57  Medivac x2  
  150  12:00  Marine  
  155  12:03  SCV  
  155  12:04  Marauder  
  155  12:06  Marauder  
  155  12:08  Command Center  
  156  12:24  Starport  
  156  12:27  Medivac x2  
  160  12:32  Planetary Fortress  
  160  12:42  Missile Turret  
  160  12:43  Missile Turret  
  160  12:44  Marine x3  
  160  12:46  Missile Turret x2, Marine  
  162  12:51  SCV x2  
  162  12:57  Medivac x2  
  159  13:05  Medivac  
  160  13:12  SCV  
  160  13:13  SCV x3  
  159  13:20  Marine x2  
  159  13:21  Marine x3  
  159  13:25  SCV x2  
Show
View Real Time Build Order
Export as new Build Order

rage Zerg 

Build Orders: Hatch First 

Get SALT Encoding   

  12  0:01  Drone  
  13  0:07  Drone  
  14  0:18  Overlord  
  14  0:25  Extractor  
  14  0:27  Drone  
  14  0:28  Drone, Extractor  
  16  0:37  Drone  
  17  0:44  Drone  
  18  0:58  Hatchery  
  17  1:12  Spawning Pool  
  17  1:13  Drone  
  17  1:16  Drone  
  18  1:20  Drone  
  18  1:25  Extractor  
  18  1:31  Overlord  
  18  2:00  Queen  
  18  2:01  Zergling x6  
  23  2:09  Queen  
  23  2:10  Drone  
  23  2:12  Drone  
  27  2:21  Drone  
  27  2:22  Drone  
  29  2:32  Drone  
  30  2:39  Drone  
  30  2:40  Metabolic Boost  
  31  2:46  Drone x2  
  33  2:52  Overlord  
  33  2:56  Drone  
  34  3:04  Drone  
  35  3:10  Drone  
  36  3:13  Drone x3  
  36  3:14  Lair  
  36  3:15  Drone  
  36  3:19  Drone x3  
  43  3:20  Drone  
  43  3:25  Extractor x2  
  42  3:27  Drone  
  42  3:29  Drone  
  42  3:33  Spine Crawler  
  43  3:45  Overlord  
  44  3:48  Drone  
  44  4:01  Overlord  
  44  4:03  Overlord  
  44  4:04  Extractor  
  43  4:13  Drone x6  
  43  4:14  Spire  
  48  4:17  Baneling Nest  
  48  4:18  Drone x3  
  48  4:22  Evolution Chamber, Queen  
  48  4:23  Evolution Chamber  
  50  4:35  Overlord  
  50  4:38  Drone  
  50  4:39  Drone x2  
  53  4:48  Zerg Melee Weapons Level 1  
  53  4:49  Zerg Ground Armor Level 1  
  53  4:51  Overlord x2  
  53  5:00  Zergling x2  
  53  5:03  Zergling x6  
  53  5:05  Zergling x2  
  58  5:08  Zergling x4  
  60  5:19  Overlord x2  
  60  5:22  Hatchery  
  60  5:25  Mutalisk  
  61  5:28  Mutalisk  
  61  5:32  Mutalisk  
  64  5:38  Mutalisk  
  64  5:39  Mutalisk  
  64  5:42  Mutalisk  
  70  5:48  Mutalisk  
  72  5:56  Baneling x3  
  72  5:58  Zergling x4  
  72  5:59  Zergling x10  
  79  6:04  Mutalisk  
  81  6:12  Baneling x2  
  81  6:21  Mutalisk  
  80  6:29  Mutalisk  
  82  6:39  Mutalisk  
  84  6:42  Overlord x3  
  84  6:43  Drone x5  
  89  6:59  Queen  
  91  7:01  Mutalisk x2  
  91  7:06  Drone  
  91  7:07  Drone x4  
  100  7:10  Overlord x2  
  100  7:12  Mutalisk  
  102  7:16  Mutalisk  
  104  7:29  Overseer x2  
  96  7:35  Spore Crawler  
  96  7:36  Zergling x2  
  96  7:37  Zergling x12  
  96  7:43  Mutalisk  
  103  7:48  Mutalisk  
  90  8:04  Mutalisk  
  90  8:09  Overlord x2  
  90  8:11  Queen  
  90  8:12  Drone x2  
  94  8:13  Drone x4  
  94  8:16  Mutalisk  
  100  8:23  Baneling x3  
  100  8:24  Baneling  
  100  8:25  Zergling x6  
  103  8:30  Queen  
  103  8:33  Zergling x2  
  106  8:34  Zergling x12  
  106  8:36  Zergling x2  
  113  8:45  Mutalisk x2  
  115  8:53  Mutalisk  
  106  9:02  Mutalisk  
  106  9:05  Zergling x10  
  106  9:06  Zergling x2  
  112  9:12  Mutalisk  
  112  9:15  Zergling x2  
  112  9:16  Baneling  
  109  9:17  Baneling  
  109  9:19  Zergling x2  
  109  9:20  Queen, Zergling x4  
  114  9:28  Zergling x2  
  114  9:29  Zergling x2  
  114  9:30  Zergling x2  
  117  9:35  Mutalisk  
  117  9:38  Hatchery  
  105  9:53  Mutalisk  
  105  9:54  Mutalisk  
  100  10:00  Zergling x14  
  100  10:01  Zergling x8  
  100  10:03  Zergling x2  
  100  10:04  Zergling x2  
  113  10:20  Pneumatized Carapace  
  113  10:21  Hatchery  
  112  10:32  Zergling x2  
  112  10:33  Overlord  
  112  10:34  Overlord x4  
  113  10:50  Baneling x3  
  113  10:51  Baneling x4  
  113  10:54  Zergling x4  
  113  10:55  Zergling x4  
  115  10:57  Zergling x2  
  115  10:58  Zergling x10  
  115  11:02  Zergling x8  
  125  11:06  Zergling x2  
  125  11:07  Zergling x6  
  104  11:27  Mutalisk  
  104  11:28  Mutalisk x3  
  104  11:29  Mutalisk x2  
  114  11:33  Mutalisk  
  114  11:39  Mutalisk  
  118  11:41  Mutalisk  
  119  11:47  Overlord  
  119  11:51  Mutalisk  
  102  11:55  Zergling x2  
  102  11:56  Zergling x2  
  103  12:02  Zergling x4  
  103  12:06  Zergling x6  
  103  12:07  Zergling x2  
  110  12:08  Zergling x2  
  108  12:20  Zergling x4  
  108  12:21  Zergling x6  
  108  12:22  Zergling x2  
  114  12:29  Zergling x4  
  116  12:32  Zergling x2  
  116  12:34  Mutalisk x2  
  117  12:37  Mutalisk  
  117  12:43  Baneling x4  
  117  12:44  Baneling x2  
  119  12:49  Mutalisk  
  119  12:51  Zergling x2  
  118  13:05  Mutalisk  
  114  13:12  Mutalisk  
Tags
 
Add a new tag
Caveats
  • Supply blocks, unpowered buildings, or Contaminate may cause inaccurate times.
  • Supply counts are checked every 10 seconds.